 Dungeon Crawl Stone Soup version 0.17-a0-1951-g62301d3 (webtiles) character file.

28494 derrpe the Severer (level 13, -10/119 HPs)
             Began as a Minotaur Berserker on Oct 3, 2015.
             Was an Elder of Trog.
             Mangled by a catoblepas (23 damage)
             ... on level 6 of the Lair of Beasts.
             The game lasted 00:27:37 (14218 turns).

derrpe the Severer (Minotaur Berserker)            Turns: 14218, Time: 00:27:37

Health: -10/119    AC: 23    Str: 22    XL:     13   Next: 10%
Magic:  20/20      EV:  9    Int:  4    God:    Trog [****..]
Gold:   602        SH:  4    Dex: 20    Spells: 0 memorised, 12 levels left

rFire  + + .     SeeInvis .     a - +0 hand axe of Propriety {freeze, rElec rC+}
rCold  . . .     Clarity  .     g - +5 plate armour {rF+}
rNeg   + . .     SustAt   .     l - +0 buckler
rPois  .         Gourm    +     m - +1 hat
rElec  +         Spirit   .     p - +0 cloak
rCorr  .         Warding  .     O - +0 pair of gloves
rMut   .         Stasis   .     n - +1 pair of boots
MR     +++..                    B - amulet of the gourmand
Stlth  ..........               L - +5 ring of dexterity
                                M - ring of Runes {Fire +Inv rN+ MR+}

@: very slightly contaminated, regenerating, extremely resistant to hostile
enchantments, extremely unstealthy
A: retaliatory headbutt, horns 2
a: Burn Spellbooks, Berserk, Trog's Hand, Brothers in Arms, Renounce Religion,
Evoke Invisibility


You were on level 6 of the Lair of Beasts.
You worshipped Trog.
Trog was greatly pleased with you.
You were very full.

You visited 2 branches of the dungeon, and saw 14 of its levels.
You also visited: Sewer.

You collected 602 gold pieces.

Inventory:

Hand weapons
 a - the +0 hand axe of Propriety (weapon) {freeze, rElec rC+}
   (You found it on level 5 of the Dungeon)

   It has been specially enchanted to freeze those struck by it, causing extra
   injury to most foes and up to half again as much damage against particularly
   susceptible opponents.
   It can also slow down cold-blooded creatures.
   It protects you from cold.
   It insulates you from electricity.
 b - a +5 greatsling of flaming
Missiles
 h - 76 poisoned needles
 k - 26 tomahawks (quivered)
 q - 205 stones
 v - 56 sling bullets
 W - 6 poisoned javelins
Armour
 g - a +5 plate armour of fire resistance (worn)
 l - a +0 buckler (worn)
 m - a +1 hat (worn)
 n - a +1 pair of boots (worn)
 p - a +0 cloak (worn)
 O - a +0 pair of gloves (worn)
Jewellery
 w - an uncursed ring of teleportation
 y - an uncursed amulet of resist mutation
 B - an amulet of the gourmand (around neck)
 C - a cursed -3 ring of protection {unknown}
 E - an uncursed ring of protection from fire
 L - a +5 ring of dexterity (right hand)
 M - the ring of Runes (left hand) {Fire +Inv rN+ MR+}
   (You found it on level 7 of the Dungeon)

   [ring of fire]

   It enhances your fire magic, and weakens your ice magic.
   It protects you from fire.
   It makes you vulnerable to cold.
   It protects you from negative energy.
   It affects your resistance to hostile enchantments.
   It lets you turn invisible.
Magical devices
 x - a wand of slowing (32)
 K - a wand of paralysis (10)
 N - a wand of draining (1)
 V - a wand of fire (2)
 X - a wand of disintegration (11)
 Y - a wand of digging (11)
Scrolls
 e - 6 scrolls of remove curse
 f - 7 scrolls of fog
 j - 4 scrolls of teleportation
 s - 4 scrolls of enchant weapon
 A - 2 scrolls of magic mapping
 H - 3 scrolls of recharging
 T - a scroll of enchant armour
Potions
 d - a potion of cancellation
 o - 5 potions of heal wounds
 u - 4 potions of magic {unknown}
 D - 7 potions of curing {unknown}
 F - 2 potions of haste
 I - 2 potions of might {unknown}
 J - a potion of invisibility {unknown}
 R - a potion of mutation {unknown}
 S - a potion of berserk rage {unknown}
 U - a potion of agility {unknown}
Miscellaneous
 Q - a legendary deck of defence {the Shaft}
Comestibles
 c - 6 bread rations {@e1}
 i - 5 meat rations {@e2}
 r - 2 royal jellies
 t - 5 chunks of flesh {@w0}
 z - a slice of pizza
 G - 7 fruits
 P - 2 beef jerkies


   Skills:
 + Level 12.6 Fighting
 - Level 16.0 Axes
 + Level 6.4 Armour
 + Level 6.0 Dodging
 * Level 11.2 Evocations


You had 12 spell levels left.
You didn't know any spells.

Dungeon Overview and Level Annotations

Branches:
Dungeon (8/15)             Temple (0/1) D:4            Lair (6/8) D:8
  Snake (0/4) Lair:4
  Swamp: Lair:3-6    Shoals: Lair:3-6     Slime: Lair:6-8

Altars:
Cheibriados
Kikubaaqudgha
Nemelex Xobeh


Innate Abilities, Weirdness & Mutations

You reflexively headbutt those who attack you in melee.
You have a pair of horns on your head.


Message History

The catoblepas closely misses you.
Use which ability?
Your skin crawls.
You feel resistant to hostile enchantments.
You feel slightly less full.
The crocodile bites you but does no damage.
Your two-headed ogre hits the crocodile with a giant club!
The crocodile dies!
Trog accepts your kill. The catoblepas gores you.
* * * LOW HITPOINT WARNING * * *
Unknown command.
Your two-headed ogre hits the catoblepas with a giant club!!
Your two-headed ogre hits the catoblepas with a giant spiked club!!
Unknown command.
You hit the catoblepas but do no damage.
You headbutt the catoblepas!
The catoblepas is severely wounded.
The catoblepas gores you!!
You die...

.......†...................
P...........................
P.>.....#....................
PP..##P..#...................
#### ##......................
#......................
#...........†..........
...........O...........
..........@Y...........
......................
#....................
.#..P#.P##..........
##########.........
#......... .....#.#..
...##### . #####


You could see a catoblepas and a friendly two-headed ogre (berserk).

Vanquished Creatures
  Gastronok (D:8)
  Maud (Lair:3)
  Harold (Lair:1)
  The ghost of Meriados the Thaumaturge, a powerful HuFE of Vehumet (D:7)
  A hydra (Lair:4)
  The ghost of Meriados the Firebug, an experienced HuFE (D:6)
  2 griffons (Lair:5)
  4 black mambas
  A komodo dragon (Lair:4)
  9 spiny frogs
  16 blink frogs
  7 hippogriffs
  3 basilisks
  25 yaks
  15 wolves
  An orc warrior (D:8)
  9 water moccasins
  A naga (Lair:4)
  13 porcupines
  An ice beast (D:5)
  A sky beast (D:8)
  9 crocodiles
  4 ogres
  3 centaurs
  12 giant frogs
  2 big kobolds (D:8)
  3 scorpions
  2 crimson imps
  6 hounds
  A wasp zombie (D:7)
  2 jellies (D:8)
  5 orc priests
  2 centaur skeletons (D:7)
  A giant frog skeleton (D:5)
  4 hell rats (Lair:4)
  8 worker ants
  10 iguanas
  5 orc wizards
  8 sheep (Lair:3)
  A worker ant zombie (D:5)
  10 adders
  4 gnolls (D:3)
  47 river rats
  5 shadow imps
  2 oozes
  An adder zombie (D:6)
  3 worms
  8 giant geckos
  25 orcs
  20 ball pythons
  5 bats
  3 giant cockroaches
  4 goblins
  4 hobgoblins (D:2)
  A giant gecko skeleton (D:4)
  5 giant newts
  11 jackals
  16 kobolds
  3 quokkas
  A quokka zombie (D:8)
  34 rats
  A bush (D:8)
  A fungus (Lair:4)
  A plant (Lair:4)
417 creatures vanquished.

Vanquished Creatures (collateral kills)
  3 hydras
  Urug (Lair:1)
  A black mamba (Lair:3)
  A blink frog (Lair:6)
  A crocodile (Lair:6)
7 creatures vanquished.

Vanquished Creatures (others)
  4 fungi (Lair:4)
  2 plants
6 creatures vanquished.

Grand Total: 430 creatures vanquished

Notes
Turn   | Place    | Note
--------------------------------------------------------------
     0 | D:1      | derrpe the Minotaur Berserker began the quest for the Orb.
     0 | D:1      | Reached XP level 1. HP: 19/19 MP: 0/0
   264 | D:1      | Reached skill level 4 in Axes
   264 | D:1      | Reached XP level 2. HP: 27/27 MP: 1/1
   429 | D:1      | You fall through a shaft!
   715 | D:2      | Found a sparkling altar of Nemelex Xobeh.
   792 | D:2      | Reached XP level 3. HP: 31/34 MP: 2/2
   840 | D:2      | Acquired Trog's second power
  1452 | D:3      | Reached skill level 5 in Fighting
  1452 | D:3      | Reached skill level 5 in Axes
  1452 | D:3      | Reached XP level 4. HP: 40/42 MP: 3/3
  1515 | D:3      | Reached XP level 5. HP: 34/48 MP: 4/4
  1665 | D:3      | Reached skill level 6 in Axes
  2049 | D:4      | Found a staircase to the Ecumenical Temple.
  2534 | D:4      | Reached XP level 6. HP: 42/57 MP: 5/5
  2742 | D:4      | Reached skill level 7 in Axes
  2881 | D:4      | Got a polished scale mail
  2892 | D:4      | Identified the +0 scale mail of the Imp {+Inv rC++ Str-4} (You found it on level 4 of the Dungeon)
  3004 | D:5      | Entered Level 5 of the Dungeon
  3147 | D:5      | Got an ancient hand axe
  3148 | D:5      | Identified the cursed +0 hand axe of Propriety {freeze, rElec rC+} (You found it on level 5 of the Dungeon)
  3166 | D:5      | Reached XP level 7. HP: 64/64 MP: 6/6
  3205 | D:5      | Reached skill level 8 in Axes
  3656 | D:5      | Reached skill level 9 in Axes
  3671 | D:5      | Found a snail-covered altar of Cheibriados.
  4043 | D:6      | Noticed Meriados's ghost (experienced HuFE)
  4056 | D:6      | Killed Meriados's ghost
  4056 | D:6      | Reached XP level 8. HP: 74/74 MP: 6/8
  4332 | D:6      | Found a glowing drain.
  4341 | Sewer    | Entered a sewer
  4487 | Sewer    | Received a gift from Trog
  4628 | Sewer    | Acquired Trog's third power
  4685 | Sewer    | Reached skill level 10 in Axes
  5097 | D:7      | Noticed Meriados's ghost (powerful HuFE)
  5251 | D:7      | Killed Meriados's ghost
  5251 | D:7      | Reached XP level 9. HP: 82/82 MP: 8/10
  5426 | D:7      | Reached skill level 5 in Armour
  5586 | D:7      | Got a sparkling ivory ring
  5588 | D:7      | Identified the ring of Runes {Fire +Inv rN+ MR+} (You found it on level 7 of the Dungeon)
  6190 | D:8      | Reached skill level 11 in Axes
  6274 | D:8      | Noticed Gastronok
  6297 | D:8      | Killed Gastronok
  6297 | D:8      | Reached skill level 12 in Axes
  6297 | D:8      | Reached skill level 5 in Evocations
  6297 | D:8      | Reached XP level 10. HP: 91/91 MP: 10/13
  6639 | D:8      | Reached skill level 10 in Fighting
  6652 | D:8      | Received a gift from Trog
  6653 | D:8      | Reached skill level 13 in Axes
  6661 | D:8      | Got an encrusted rapier {god gift}
  6662 | D:8      | Identified the +8 rapier of Perversion {pierce, +Rage MR+ Dex-4} (Trog gifted it to you on level 8 of the Dungeon)
  6708 | D:8      | Found a staircase to the Lair.
  6920 | D:8      | Found an ancient bone altar of Kikubaaqudgha.
  7274 | Lair:1   | Entered Level 1 of the Lair of Beasts
  7426 | Lair:1   | Reached XP level 11. HP: 101/101 MP: 15/15
  7714 | Lair:1   | Noticed Urug
  7722 | Lair:1   | Killed Urug
  7963 | Lair:1   | Noticed a black mamba
  7974 | Lair:1   | Killed a black mamba
  8066 | Lair:1   | Reached skill level 14 in Axes
  8270 | Lair:1   | Noticed Harold
  8278 | Lair:1   | Killed Harold
  8772 | Lair:2   | Received a gift from Trog
  9414 | Lair:3   | Noticed an eight-headed hydra
  9426 | Lair:3   | Killed an eight-headed hydra
 10014 | Lair:3   | Noticed Maud
 10034 | Lair:3   | Killed Maud
 10034 | Lair:3   | Reached skill level 15 in Axes
 10034 | Lair:3   | Reached XP level 12. HP: 103/110 MP: 18/18
 10724 | Lair:4   | Reached skill level 10 in Evocations
 10732 | Lair:4   | Noticed a four-headed hydra
 10749 | Lair:4   | Killed a four-headed hydra
 10857 | Lair:4   | Noticed a seven-headed hydra
 10864 | Lair:4   | Killed a seven-headed hydra
 10946 | Lair:4   | Received a gift from Trog
 11214 | Lair:4   | Reached skill level 16 in Axes
 12128 | Lair:4   | Found a staircase to the Snake Pit.
 13264 | Lair:5   | Reached skill level 5 in Dodging
 14016 | Lair:5   | Reached XP level 13. HP: 98/119 MP: 20/20
 14218 | Lair:6   | Mangled by a catoblepas

Vault maps used:
D:1:      onia_arrival_mini_spirals
D:2:      nemelex_deck
D:3:      first_bread
D:4:      kennysheep_generic_room_16
D:5:      minivault_24, cheibriados_altar_1
D:6:      lightli_sewer_entry_pipes, kennysheep_generic_room_11
D:8:      lemuel_round_altar, minmay_lair_entry_grove, kb_lookout_dungeons_type,
          uniq_gastronok
Lair:1:   uniq_harold, uniq_urug
Lair:3:   uniq_maud
Lair:4:   guppyfry_snake_entry_island, grunt_megastairs_4
Lair:6:   swamp_mist, grunt_megastairs_5, lemuel_fruit_tree
Sewer:    sewer_minmay_w

Action                   |  1- 3 |  4- 6 |  7- 9 | 10-12 | 13-15 || total
-------------------------+-------+-------+-------+-------+-------++-------
Melee: Hand axe          |   111 |   175 |   285 |   781 |    44 ||  1396
 Fire: Greatsling        |       |       |       |    26 |     2 ||    28
Invok: Berserk           |       |       |     6 |     6 |       ||    12
       Trog's Hand       |       |       |     4 |     3 |     1 ||     8
       Burn Spellbooks   |       |       |     2 |       |       ||     2
       Brothers in Arms  |       |       |       |     5 |     2 ||     7
 Abil: Evoke Invisibilit |       |       |       |     1 |     1 ||     2
Evoke: Wand              |       |       |     4 |    18 |       ||    22
  Use: Scroll            |       |     6 |     9 |    13 |       ||    28
 Stab: Invisible         |       |       |       |       |     9 ||     9
       Petrifying        |       |       |       |       |     1 ||     1
  Eat: Chunk             |     2 |    13 |    22 |    33 |     1 ||    71
